AoeStats
← Adags

Black Forest

510468178Analyzed
2v2 RM · 14h ago on Oct 1, 2026· 66m 59s· 4 players
Game mode
Random Map
Map size
Medium (4 player)
Population
200
Speed
Normal
Resources
Standard
Victory
Conquest
Starting age
Dark Age
Ending age
Imperial Age
RankedLock teamsTeams togetherTeam positionsShared explorationLock speedFull tech treeHidden civsTurbo modeCheats
Victory
Defeat
🇦🇺 Britons · Australia
616
+16
🇹🇷 Spanish · Türkiye
541
+19
🇪🇸 Persians · Spain
683
-20
🇪🇸 Khmer · Spain
550
-15
Xyra5087
0:55 Loom
11:16 Feudal Age
12:00 Double-Bit Axe
12:23 Horse Collar
20:13 Castle Age
20:15 Gold Mining
20:17 Stone Mining
21:47 Wheelbarrow
21:24 Bow Saw
26:40 Gold Shaft Mining
26:09 Heavy Plow
27:02 Hand Cart
28:49 Town Watch
30:16 Masonry
29:48 Treadmill Crane
30:19 Fortified Wall
30:30 Ballistics
29:39 Man-at-Arms
30:05 Gambesons
30:20 Squires
30:06 Arson
29:42 Pikeman
31:56 Murder Holes
34:50 Imperial Age
33:14 Yeomen
32:18 Long Swordsman
33:02 Padded Archer Armor
33:14 Scale Mail Armor
33:40 Fletching
34:06 Leather Archer Armor
34:02 Forging
34:56 Fervor
35:08 Sanctity
35:11 Town Patrol
35:17 Bodkin Arrow
35:43 Chain Mail Armor
35:42 Caravan
36:02 Guilds
36:06 Warwolf
37:17 Architecture
37:52 Chemistry
37:41 Conscription
36:52 Two-Handed Swordsman
38:17 Iron Casting
38:34 Champion
39:50 Elite Longbowman
41:06 Block Printing
41:17 Illumination
41:08 Bracer
41:56 Ring Archer Armor
43:14 Blast Furnace
43:08 Siege Engineers
45:50 Plate Mail Armor
62:56 Halberdier
Adags
1:45 Loom
15:52 Feudal Age
16:38 Double-Bit Axe
16:35 Horse Collar
20:31 Stone Mining
23:49 Gold Mining
27:46 Castle Age
33:51 Heavy Plow
34:04 Bow Saw
34:33 Stone Shaft Mining
38:27 Imperial Age
36:25 Caravan
37:07 Padded Archer Armor
37:06 Fletching
39:38 Leather Archer Armor
39:19 Bodkin Arrow
40:28 Wheelbarrow
39:53 Elite Conquistador
40:54 Conscription
41:18 Ring Archer Armor
42:32 Two-Man Saw
42:56 Coinage
42:37 Guilds
42:56 Hand Cart
42:51 Thumb Ring
43:15 Inquisition
45:54 Chemistry
45:16 Ballistics
45:11 Masonry
45:34 Bracer
45:35 Scale Mail Armor
45:46 Forging
45:00 Pikeman
46:18 Halberdier
46:44 Gambesons
47:00 Squires
49:28 Theocracy
49:42 Chain Mail Armor
50:02 Iron Casting
50:01 Architecture
50:32 Fervor
50:44 Block Printing
51:01 Illumination
51:02 Sanctity
51:31 Banking
59:00 Plate Mail Armor
59:30 Blast Furnace
61:19 Scale Barding Armor
AtomiK
13:04 Feudal Age
13:26 Horse Collar
14:41 Double-Bit Axe
15:34 Wheelbarrow
18:09 Bloodlines
23:00 Castle Age
23:49 Gold Mining
23:49 Stone Mining
24:04 Heavy Plow
24:18 Scale Barding Armor
24:24 Forging
24:33 Husbandry
26:45 Hand Cart
27:37 Gold Shaft Mining
33:38 Imperial Age
32:45 Chain Barding Armor
32:41 Masonry
33:50 Fortified Wall
34:09 Ballistics
36:16 Bow Saw
41:09 Heavy Scorpion
42:56 Elite Battle Elephant
44:32 Elite Battle Elephant
48:29 Chemistry
51:16 Architecture
51:26 Iron Casting
51:26 Plate Barding Armor
cacasimulator
16:38 Feudal Age
27:11 Castle Age
24:43 Man-at-Arms
25:59 Arson
27:12 Double-Bit Axe
29:28 Bow Saw
32:15 Husbandry
32:28 Scale Barding Armor
32:25 Scale Mail Armor
32:35 Forging
32:46 Town Watch
33:37 Wheelbarrow
32:48 Loom
33:25 Gold Mining
34:08 Town Patrol
35:09 Bloodlines
38:11 Imperial Age
36:41 Chain Barding Armor
38:11 Iron Casting
37:48 Murder Holes
38:44 Cavalier
42:00 Chemistry
44:46 Savar
48:53 Elite War Elephant
50:23 Plate Barding Armor
Connection lost

Rejoining the realm…

Still unreachable

The connection could not be restored.

Session expired

The server has moved on; the page needs a fresh start.